 BcadrenCrawl: Boulder Brew version 0.04.2-2-g535c4548b4 (webtiles) character file.

Game seed: 15378433710191669347, levelgen mode: deterministic

189 diana the Skirmisher (level 5, -2/51 HPs) Immature Draconian Transmuter. Began on Apr 24, 2021. Splashed by a jelly's acid (4 damage) ... on level 2 of the Dungeon. The game lasted 00:02:06 (882 turns).

diana the Skirmisher (Immature Draconian Transmuter) Turns: 882, Time: 00:02:07

Health: -2/51      AC: -5    Str: 13    XL:     5 ^: 109
Magic:  9/9        EV: 12    Int: 14    God:
Gold:   85         SH:  0    Dex: 11    Spells: 8/9 levels left

rFire    . . .     Vision   .     - Unarmed
rCold    . . .     Gourm    .     - Unarmed
rNeg     . . .     Faith    .   (armour unavailable)
rPois    .         Spirit   .   (helmet restricted)
rElec    .         Reflect  .   (no cloak)
rCorr    .         Harm     .   d - +0 pair of gloves
MR       .....                  (no boots)
Stlth    +.........             (no amulet)
HPRegen  0.27/turn              (no ring)
MPRegen  0.19/turn              (no ring)

@: corroded, very slow
A: no body armour, unfitting armour, cold-blooded, AC +6
a: Breathe Dart


You were on level 2 of the Dungeon.
You were not hungry.

You visited 1 branch of the dungeon, and saw 2 of its levels.

You collected 85 gold pieces.

Inventory:

Armour
 d - a +0 pair of gloves (worn)
Jewellery
 f - an uncursed ring of ice
Scrolls
 c - a scroll of teleportation
 e - a scroll of fear
 g - a scroll of bless item
Potions
 a - a potion of beneficial mutation
Comestibles
 b - 3 rations


   Skills:
 + Level 6.5 Fighting
 - Level 1.5 Dodging
 - Level 2.6 Unarmed Combat
 - Level 2.6 Spellcasting
 - Level 1.5 Transmutations


You had 8 spell levels left.
You knew the following spells:

 Your Spells              Type           Power        Failure   Level  Hunger
a - Beastly Appendage     Tmut           6 (50)       12%         1    #......

Your spell library contained the following spells:

 Spells                   Type           Power        Failure   Level  Hunger
 Sticks to Snakes         Tmut           6 (100)      19%         2    ###....
 Scorpion Form            Tmut/Pois      4 (200)      43%         3    ###....
 Snakes to Sticks         Hex/Tmut       4 (100)      43%         3    ###....
 Ice Form                 Ice/Tmut       4 (100)      85%         4    #####..
 Blade Hands              Tmut           6 (200)      97%         5    ######.


Dungeon Overview and Level Annotations

Branches:
Dungeon (2/8)

Altars:

Annotations:
D:2 Menkaure


Innate Abilities, Weirdness & Mutations

You cannot fit into any form of body armour.
Your plain brown scales are resilient. (AC +6)
You can breathe rudimentary magical darts.
You are cold-blooded and may be slowed by cold attacks.


Message History

You are too injured to fight recklessly!
You hit the jelly but do no damage. The acid corrodes you!
Your hands burn (2).
You hit the jelly but do no damage.
Your hands burn (4).
* * * LOW HITPOINT WARNING * * *
The jelly is almost dead. (3/17) HP The jelly closely misses you (0).
You hit the jelly but do no damage.
Your hands burn (4).
* * * LOW HITPOINT WARNING * * *
The jelly blocks your attack.
The jelly is almost dead. (3/17) HP You hit the jelly but do no damage.
Your hands burn (3).
* * * LOW HITPOINT WARNING * * *
You hit the jelly but do no damage.
Your hands burn (4).
* * * LOW HITPOINT WARNING * * *
You tail-slap the jelly, but do no damage.
The jelly is almost dead. (3/17) HP The jelly hits you (2).
* * * LOW HITPOINT WARNING * * *
You are splashed with acid (4).
You die...

#≈≈≈≈≈≈# #≈≈≈≈≈≈#
#.≈≈≈PP# #....≈≈#
#.≈≈...# ###
#.≈≈≈≈≈#
#..###.J≈≈≈≈#
.≈.≈.#.@≈≈≈≈#
#.....≈≈≈≈#
#..†≈.≈≈≈≈#
##.≈..≈≈≈≈#
###.≈≈≈≈≈# P.#
##.#≈≈≈≈≈≈# ≈.#
#.<.≈≈≈≈≈≈# ≈≈#
###.#.≈≈≈≈≈# §§#
[l.###.†..≈.≈≈≈≈#


You could see a jelly.

Vanquished Creatures
  A jelly (D:2)
  4 giant cockroaches
  2 gnolls (D:1)
  6 cinder newts
  An ooze (D:2)
  A dart slug (D:1)
  5 leopard geckos
  An adder skeleton (D:2)
  3 goblins (D:1)
  4 hobgoblins (D:1)
  5 kobolds (D:1)
  5 bats (D:1)
  An orc skeleton (D:2)
  2 rats (D:1)
41 creatures vanquished.

Vanquished Creatures (others)
  A rat (D:2)
  43 withered plants (D:2)
44 creatures vanquished.

Grand Total: 85 creatures vanquished

Notes
Turn   | Place    | Note
-------+----------+-------------------------------------------
     0 | D:1      | diana the Immature Draconian Transmuter began the quest for
                  | the Orb.
     0 | D:1      | Reached XP level 1. HP: 16/16 MP: 4/4
    35 | D:1      | Reached skill level 3 in Fighting
    35 | D:1      | Reached XP level 2. HP: 24/26 MP: 5/5
   155 | D:1      | Reached XP level 3. HP: 32/33 MP: 7/7
   243 | D:1      | Reached skill level 4 in Fighting
   379 | D:1      | Reached XP level 4. HP: 37/41 MP: 8/8
   386 | D:1      | Reached skill level 5 in Fighting
   773 | D:2      | Noticed Menkaure
   851 | D:2      | Reached XP level 5. HP: 50/50 MP: 9/9
   857 | D:2      | Reached skill level 6 in Fighting
   882 | D:2      | HP: 2/51 [jelly (2)]
   882 | D:2      | Splashed by a jelly's acid

Levels and vault maps discovered:
D:1:      minmay_arrival_stair_chambers, layout_loops_ring, first_ration,
          kennysheep_generic_room_14
D:2:      layout_sewer, lemuel_crystal_altar, serial_shops, nicolae_shop_stone,
          uniq_duvessa, uniq_blork_the_orc, uniq_menkaure, uniq_jessica

Skill      XL: |  1  2  3  4  5 |
---------------+----------------+-----
Fighting       | 3 4 5 6 |  6.5
Dodging        | |  1.5
Unarmed Combat | |  2.6
Spellcasting   | |  2.6
Transmutations | |  1.5

Action                   |  1- 3 |  4- 6 || total
-------------------------+-------+-------++-------
Melee: Unarmed           |    54 |    86 ||   140
       Tailslap          |     3 |     5 ||     8
Armor: Skin              |     9 |     8 ||    17
Dodge: Dodged            |    11 |    21 ||    32
